 Dungeon Crawl Stone Soup version 0.32-a0-571-gec57dfcd37 (webtiles) character file.

Game seed: 3012647603612966305

10003 Asceticacid the Protected (level 11, -2/89 (90) HPs)
             Began as a Formicid Reaver on Feb 29, 2024.
             Was an Initiate of Gozag.
             Slain by a yak (11 damage)
             ... on level 9 of the Dungeon on Mar 1, 2024.
             The game lasted 00:16:26 (11331 turns).

Asceticacid the Protected (Formicid Reaver)        Turns: 11331, Time: 00:16:27

HP:   -2/89 (90)    AC: 18    Str: 17    XL:     11   Next: 84%
MP:   14/14         EV:  8    Int: 13    God:    Gozag
Gold: 746           SH:  4    Dex: 16    Spells: 14/14 levels left

rFire   . . .        b - +3 short sword (elec)
rCold   . . .        p - +0 buckler
rNeg    . . .        o - +0 chain mail
rPois   .            (helmet unavailable)
rElec   .            C - +1 cloak
rCorr   +            (no gloves)
SInv    +            (no boots)
Will    +....        (no amulet) Stlth
                     s - +4 ring of protection
HPRegen 0.34/turn    v - ring of resist corrosion
MPRegen 0.14/turn

%: no passive effects
@: gold aura, lightly drained
A: permanent stasis, dig shafts and tunnels, antennae 3, four strong arms
a: Dig, Shaft Self, Renounce Religion, Potion Petition, Call Merchant, Bribe
Branch


You were on level 9 of the Dungeon.
You worshipped Gozag.
Gozag was pleased with you.
You visited 2 branches of the dungeon, and saw 10 of its levels.
You also visited: Bailey.

You collected 2238 gold pieces.
You paid 1492 gold pieces to Gozag.

Inventory:

Hand Weapons
 a - a +0 hand axe
 b - a +3 short sword of electrocution (weapon)
 y - a +3 whip
 I - a +0 whip of electrocution
Missiles
 e - 5 javelins
 q - a throwing net
Armour
 o - a +0 chain mail (worn)
 p - a +0 buckler (worn)
 C - a +1 cloak (worn)
Jewellery
 s - a +4 ring of protection (left hand)
 v - a ring of resist corrosion (right hand)
 z - a ring of magical power
Wands
 d - a wand of iceblast (11)
 f - a wand of flame (23)
 m - a wand of polymorph (12)
 n - a wand of mindburst (1)
 H - a wand of quicksilver (10)
Scrolls
 c - a scroll of identify
 h - a scroll of summoning
 j - a scroll of fear
 t - 3 scrolls of torment
 B - a scroll of enchant armour
 D - a scroll of enchant weapon
Potions
 g - 2 potions of ambrosia
 i - a potion of berserk rage
 k - 5 potions of resistance
 l - 2 potions of curing
 r - a potion of attraction
 u - 3 potions of magic
 w - a potion of brilliance {unknown}
 x - 2 potions of enlightenment {unknown}
 A - a potion of lignification {unknown}
 E - 2 potions of mutation {unknown}
 F - 2 potions of haste {unknown}
 G - a potion of heal wounds


   Skills:
 + Level 10.0 Fighting
 - Level 10.6 Short Blades
 - Level 4.9(5.1) Axes
 - Level 1.6(3.5) Maces & Flails
 + Level 11.2 Armour
 - Level 1.7 Dodging
 * Level 1.6 Shields
 - Level 2.1 Spellcasting
 - Level 2.6 Conjurations


You had 14 spell levels left.
You didn't know any spells.
Your spell library contained the following spells:

 Spells                   Type           Power      Damage    Failure   Level
 Magic Dart               Conj           32%        1d4       58%         1
 Searing Ray              Conj           16%        2d5       73%         2
 Kiss of Death            Conj/Necr      16%        2d6       77%         1
 Momentum Strike          Conj/Tloc      8%         3d8       88%         2
 Summon Small Mammal      Summ           4%         N/A       91%         1
 Jinxbite                 Hex            2%         N/A       97%         2
 Hailstorm                Conj/Ice       4%         3d5       98%         3
 Call Canine Familiar     Summ           1%         N/A       100%        3
 Sigil of Binding         Hex            1%         N/A       100%        3
 Dimensional Bullseye     Hex/Tloc       0%         N/A       100%        4
 Fulminant Prism          Conj/Alch      2%         3d5       100%        4
 Summon Blazeheart Golem  Fire/Summ      1%         N/A       100%        4
 Summon Forest            Summ/Tloc      0%         N/A       100%        5
 Yara's Violent Unravell  Hex/Alch       0%         3d3       100%        5
 Eringya's Noxious Bog    Alch           0%         4d6       100%        6
 Enfeeble                 Hex            0%         N/A       100%        7
 Summon Hydra             Summ           0%         N/A       100%        7


Dungeon Overview and Level Annotations

Branches:
Dungeon (9/15)             Temple (1/1) D:4            Lair (0/5) D:8
 Bailey (visited)
    Orc: D:9-12

Altars:
Ashenzari
Cheibriados
Dithmenos
Fedhas
Gozag
Hepliaklqana
Kikubaaqudgha
Makhleb
Nemelex Xobeh
Qazlal
Ru
Trog
Uskayaw
Vehumet
Wu Jian
Xom
Yredelemnul
Zin
The Shining One

Shops:
D:4 :


Innate Abilities, Weirdness & Mutations

You cannot be hasted, slowed, berserked, paralysed or teleported.
You can dig through walls and to a lower floor.
You have a pair of large antennae on your head. (SInv)
Your four strong arms can wield two-handed weapons with a shield.


Message History

The yak gores you!
You are too injured to fight recklessly!
You barely miss the yak.
The yak is severely wounded.
The yak gores you but does no damage.
You are too injured to fight recklessly!
You hit the yak.
The yak is almost dead.
You are too injured to fight recklessly!
You barely miss the yak.
The yak is almost dead.
The yak gores you!
* * * LOW HITPOINT WARNING * * *
You barely miss the yak.
The yak is almost dead.
You barely miss the yak.
The yak is almost dead.
The yak gores you.
* * * LOW HITPOINT WARNING * * *
You hit the yak but do no damage.
The yak is almost dead.
You hit the yak.
The yak is almost dead.
The yak gores you.
* * * LOW HITPOINT WARNING * * *
You hit the yak.
You kill the yak!
The yak gores you but does no damage.
You see here 27 gold pieces.
You hit the yak. Lightning courses through the yak!
The yak is severely wounded.
The yak gores you!
* * * LOW HITPOINT WARNING * * *
You hit the yak.
The yak is severely wounded.
You hit the yak but do no damage.
The yak is severely wounded.
The yak gores you!
You die...
Your body crumbles into a pile of gold.

#...# #.......#
#...#############.......#
######...>....................
.......................####...
.......................# ...
#######.#####$#######..# .# #.#
#$# #..# #.#####Y#######$Y####.
#########.......@.....<...?....
...............................
............................###
#.######.#########..#######.#
#.# #.# #..# .#
#.######.####### #..# #
#............<.. . ..
.<................ ...
................


You could see a yak.

Vanquished Creatures
  2 vault guards (Bailey)
  A gargoyle (D:7)
  A blink frog (Bailey)
  Prince Ribbit (D:7)
  2 wyverns
  8 humans (Bailey)
  3 steam dragons
  10 yaks
  2 water moccasins
  An orc warrior (D:7)
  An ice beast (D:6)
  4 sky beasts
  3 ogres
  2 centaurs (D:7)
  2 phantoms
  A kobold brigand (D:8)
  A gnoll sergeant (D:7)
  11 bullfrogs
  5 scorpions
  18 wights (D:8)
  6 killer bees
  5 hounds
  4 jellies
  7 orc priests
  4 iguanas
  2 sleepcaps
  8 orc wizards
  A howler monkey zombie (D:4)
  4 gnolls (D:4)
  6 adders
  A shadow imp (D:8)
  4 white imps
  An adder zombie (D:4)
  6 dart slugs
  39 orcs
  4 ball pythons
  16 endoplasms
  2 giant cockroaches (D:3)
  11 goblins
  6 hobgoblins
  17 kobolds
  4 quokkas
  5 bats
  6 frilled lizards
  A rat (D:1)
249 creatures vanquished.

Vanquished Creatures (collateral kills)
  A black bear (D:6)
1 creature vanquished.

Grand Total: 250 creatures vanquished

Notes
Turn   | Place    | Note
-------+----------+-------------------------------------------
     0 | D:1      | Asceticacid the Formicid Reaver began the quest for the
                  | Orb.
     0 | D:1      | Reached XP level 1. HP: 16/16 MP: 3/3
   134 | D:1      | Reached XP level 2. HP: 21/22 MP: 5/5
   454 | D:1      | Found a faded altar of an unknown god.
   517 | D:1      | Reached XP level 3. HP: 19/27 MP: 6/6
  1741 | D:3      | Reached XP level 4. HP: 31/33 MP: 7/7
  2277 | D:3      | Reached skill level 1 in Short Blades
  2277 | D:3      | Reached XP level 5. HP: 30/38 MP: 8/8
  2588 | D:3      | Found a snail-covered altar of Cheibriados.
  2813 | D:4      | Found a staircase to the Ecumenical Temple.
  2848 | Temple   | Entered the Ecumenical Temple
  2923 | Temple   | Became a worshipper of Gozag Ym Sagoz the Greedy
  3055 | D:4      | Reached XP level 6. HP: 28/44 MP: 9/9
  4072 | D:4      | Found Itsunef's Book Shoppe.
  4079 | D:4      | Noticed an ogre
  4089 | D:4      | Killed an ogre
  4090 | D:4      | Reached skill level 5 in Short Blades
  4090 | D:4      | Reached XP level 7. HP: 35/50 MP: 10/10
  4172 | D:4      | Found a basalt altar of Yredelemnul.
  4295 | D:5      | Entered Level 5 of the Dungeon
  4587 | D:5      | Reached XP level 8. HP: 52/56 MP: 11/11
  4722 | D:5      | Noticed a wyvern
  4735 | D:5      | Killed a wyvern
  4935 | D:5      | Identified the +8 spear of Nopsa Gitai {flame, rC+ Will-
                  | Dex+2}
  4957 | D:5      | Found a sacrificial altar of Ru.
  6152 | D:6      | Reached XP level 9. HP: 41/61 MP: 12/12
  6199 | D:6      | Reached skill level 10 in Short Blades
  6698 | D:6      | Reached skill level 1 in Armour
  6722 | D:6      | Reached skill level 2 in Armour
  6858 | D:6      | Reached skill level 3 in Armour
  7285 | D:7      | Identified a scroll of acquirement
  7285 | D:7      | Acquired 504 gold pieces
  7355 | D:7      | Reached skill level 4 in Armour
  7507 | D:7      | Reached skill level 5 in Fighting
  7507 | D:7      | Reached skill level 5 in Armour
  7507 | D:7      | Reached XP level 10. HP: 43/74 MP: 13/13
  7666 | D:7      | Noticed Prince Ribbit
  7687 | D:7      | Found a flagged portal.
  7698 | D:7      | Killed Prince Ribbit
  7739 | Bailey   | Entered a bailey
  7767 | Bailey   | Reached skill level 6 in Armour
  7891 | Bailey   | Reached skill level 7 in Armour
  7975 | Bailey   | Noticed a vault guard
  8041 | Bailey   | Killed a vault guard
  8042 | Bailey   | Reached skill level 8 in Armour
  8285 | Bailey   | Noticed a vault guard
  8320 | Bailey   | Killed a vault guard
  8321 | Bailey   | Reached skill level 9 in Armour
  8321 | Bailey   | Reached XP level 11. HP: 28/87 MP: 14/14
  9150 | D:7      | Reached skill level 10 in Armour
 10159 | D:8      | Found a staircase to the Lair.
 10277 | D:8      | Reached skill level 1 in Maces & Flails
 10515 | D:8      | Reached skill level 11 in Armour
 11206 | D:8      | Reached skill level 1 in Shields
 11297 | D:9      | Reached skill level 10 in Fighting
 11331 | D:9      | Slain by a yak

Illustrated notes

Levels and vault maps discovered:
D:1:      wander_arrival_abandoned_jail, layout_loops_cross,
          ebering_ecumenical_altar_mist
D:2:      layout_loops_cross
D:3:      cheibrodos_fertilizer, layout_loops_ring, mainiacjoe_overflow_alcove_2
D:4:      layout_basic, lemuel_zombie_altar_yredelemnul,
          minmay_temple_entry_hall, serial_shops, shop
D:5:      layout_rooms, nicolae_ru_great_annihilating_truth
D:6:      kennysheep_six_static_rooms, layout_loops_ring, minmay_between
D:7:      cheibrodos_barr_body, layout_rooms, enter_bailey_5,
          minmay_misc_feat_plants, minmay_quadrilaterals, uniq_prince_ribbit1
D:8:      layout_rooms, dpeg_oklobed_lair, kennysheep_generic_room_9
D:9:      layout_small_grid, nicolae_elyvilon_peaceful_grove,
          kennysheep_orc_sif_temple
Temple:   nicolae_temple_bog_church

Skill      XL: |  1  2  3  4  5  6  7  8  9 10 11 |
---------------+----------------------------------+-----
Axes           | 4 |  4.9
Short Blades   | 1 3 5 7 9 10 | 10.6
Armour         | 5 9 11 | 11.2
Fighting       | 5 8 10 | 10.0
Maces & Flails | 1 |  1.6
Shields        | 1 |  1.6
Dodging        | |  1.7
Spellcasting   | |  2.1
Conjurations   | |  2.6

Action                     |  1- 3 |  4- 6 |  7- 9 | 10-12 || total
---------------------------+-------+-------+-------+-------++-------
  Melee: Hand axe          |   119 |    52 |       |       ||   171
         Short sword       |       |   115 |   399 |   645 ||  1159
 Invoke: Potion Petition   |       |       |     1 |     4 ||     5
  Evoke: Wand              |       |     2 |     2 |     1 ||     5
    Use: Scroll            |       |       |    15 |     4 ||    19
         Potion            |       |       |       |     3 ||     3
   Stab: Sleeping          |     1 |       |       |       ||     1
         Distracted        |       |       |     2 |     1 ||     3
         Paralysed         |       |       |     1 |       ||     1
 Armour: Leather armour    |    75 |     2 |       |       ||    77
         Chain mail        |       |   119 |   226 |   299 ||   644
  Dodge: Dodged            |    79 |    60 |    96 |   153 ||   388
  Block: Buckler           |       |       |       |    16 ||    16

Table legend: (Time is in decaauts)
 A = Elapsed time spent in this place.
 B = Non-inter-level travel time spent in this place.
 C = Inter-level travel time spent in this place.
 D = Time resting spent in this place.
 E = Time spent auto-exploring this place.
 F = Levels seen in this place.
 G = Mean time per level.
                   A        B        C        D        E       F      G
               +--------+--------+--------+--------+--------+-----+--------+
         Total |  10850 |  10373 |    477 |   1981 |   5916 |  11 |  986.4 |
       Dungeon |  10094 |   9644 |    450 |   1667 |   5751 |   9 | 1121.6 |
        Temple |     94 |     67 |     27 |      0 |     54 |   1 |   94.0 |
        Bailey |    660 |    660 |      0 |    314 |    111 |   1 |  660.0 |
               +--------+--------+--------+--------+--------+-----+--------+

Top non-repeatable levels by time:
     D:6: 1687 daAuts
     D:7: 1606 daAuts
     D:4: 1529 daAuts
     D:8: 1289 daAuts
     D:3: 1140 daAuts
     D:5: 1048 daAuts
     D:1: 846 daAuts
     D:2: 830 daAuts
  Bailey: 660 daAuts
     D:9: 115 daAuts
  Temple: 94 daAuts
